[Event "Titled Tuesday Blitz August 31 2021"]
[White "Goltsev, Dmitry"]
[Black "Khusnutdinov, Rustam"]
[WhiteFideId "24176710"]
[BlackFideId "13701703"]
[WhiteElo "2369"]
[BlackElo "2571"]
[Result "1/2-1/2"]
[Round "11"]
[TimeControl "180+1"]
[Date "2021.08.31"]
[WhiteClock "0:01:20"]
[BlackClock "0:00:21"]

1. e4 e6 2. d4 d5 3. exd5 exd5 4. Nf3 Nc6 5. Bd3 Bd6 6. O-O Nge7 7. h3 Bf5 8. Re1 Qd7 9. c3 f6 10. b4 a6 11. a4 O-O 12. Na3 Rfe8 13. Nc2 Bxd3 14. Qxd3 Qf5 15. Qxf5 Nxf5 16. Bd2 h5 17. g4 hxg4 18. hxg4 Nfe7 19. Kg2 Ng6 20. Rxe8+ Rxe8 21. Re1 Nce7 22. Na1 Kf7 23. Nb3 b6 24. a5 Nc6 25. axb6 Rxe1 26. Nxe1 cxb6 27. Nd3 Nge7 28. f4 Nc8 29. Kf3 g6 30. f5 g5 31. Ne1 a5 32. bxa5 bxa5 33. Nc2 Nb6 34. Bc1 a4 35. Nd2 Na5 36. Ke2 Bf4 37. Ba3 Bxd2 38. Kxd2 Nbc4+ 39. Kc1 Nb3+ 40. Kd1 Nbd2 41. Bb4 Ne4 42. Ke2 Ke8 43. Ne3 Nxe3 44. Kxe3 Kd7 45. c4 Kc6 46. Be7 Kd7 47. Bb4 Kc6 48. Be7 Kd7 49. Bb4 1/2-1/2


[Site "https://www.chess.com"]

[Event "Titled Tuesday Blitz August 31 2021"]
[White "Golubev, Mikhail"]
[Black "Skaric, Djuro"]
[WhiteFideId "14100983"]
[BlackFideId "934569"]
[WhiteElo "2374"]
[BlackElo "2239"]
[Result "1-0"]
[Round "11"]
[TimeControl "180+1"]
[Date "2021.08.31"]
[WhiteClock "0:00:38"]
[BlackClock "0:00:02"]

1. e4 g6 2. d4 Bg7 3. c4 d6 4. Nc3 Nf6 5. Be2 O-O 6. Be3 e5 7. d5 a5 8. h3 Na6 9. Nf3 c6 10. O-O Qc7 11. Rc1 Nc5 12. Nd2 Nfd7 13. b3 f5 14. f3 Nf6 15. a3 Nh5 16. b4 axb4 17. axb4 Na6 18. b5 Nc5 19. bxc6 bxc6 20. dxc6 Qxc6 21. Nd5 Kh8 22. Re1 Ng3 23. Bf2 Nxe2+ 24. Qxe2 Be6 25. exf5 gxf5 26. Nf1 Bh6 27. Rb1 Bxd5 28. cxd5 Qxd5 29. Red1 Qe6 30. Rb6 Ra2 31. Qe1 Qg8 32. Rbxd6 Bf4 33. g3 Nb7 34. Rb6 Rf7 35. Kh1 Bg5 36. Qxe5+ Rg7 37. Rxb7 1-0


[Site "https://www.chess.com"]

[Event "Titled Tuesday Blitz August 31 2021"]
[White "Hampel, Felix"]
[Black "Real De Azua, Ernesto"]
[WhiteFideId "24668125"]
[BlackFideId "108154"]
[WhiteElo "2288"]
[BlackElo "2476"]
[Result "0-1"]
[Round "11"]
[TimeControl "180+1"]
[Date "2021.08.31"]
[WhiteClock "0:00:03"]
[BlackClock "0:00:20"]

1. c4 Nf6 2. Nf3 b6 3. d4 Bb7 4. g3 g6 5. Bg2 Bg7 6. O-O O-O 7. Nc3 Ne4 8. Bd2 d6 9. Rc1 c5 10. d5 Nxd2 11. Qxd2 Nd7 12. e4 a6 13. a4 Bc8 14. Ne1 Nf6 15. Nd3 Rb8 16. Rce1 e5 17. f4 Nd7 18. f5 Nf6 19. h3 h5 20. Nf2 Nh7 21. g4 Qg5 22. Qxg5 Nxg5 23. h4 Nh7 24. g5 gxf5 25. exf5 Bxf5 26. Nfe4 Bxe4 27. Nxe4 Rfd8 28. Rf5 Nf8 29. Bf3 Ng6 30. Bxh5 Rb7 31. Bxg6 fxg6 32. Rf3 b5 33. axb5 axb5 34. b3 bxc4 35. bxc4 Rb4 36. Rc1 Rb2 37. Ra3 Rf8 38. Rf1 Rf4 39. Rxf4 exf4 40. Nxd6 Bd4+ 41. Kf1 Rf2+ 42. Ke1 f3 43. Ne4 Re2+ 44. Kf1 Rxe4 45. Rxf3 Rxh4 46. d6 Rh7 47. Ra3 Rd7 48. Ra6 Kf7 49. Ke2 Ke6 50. Kf3 Rxd6 51. Ra8 Kf5 0-1


[Site "https://www.chess.com"]

[Event "Titled Tuesday Blitz August 31 2021"]
[White "Hansen, Sune Berg"]
[Black "Piesik, Piotr"]
[WhiteFideId "1400266"]
[BlackFideId "1136194"]
[WhiteElo "2717"]
[BlackElo "2395"]
[Result "0-1"]
[Round "11"]
[TimeControl "180+1"]
[Date "2021.08.31"]
[WhiteClock "0:00:57"]
[BlackClock "0:01:42"]

1. e4 g6 2. d4 Bg7 3. Nf3 c6 4. h3 d6 5. Bd3 Nf6 6. O-O O-O 7. Re1 Nbd7 8. e5 dxe5 9. dxe5 Ne8 10. Qe2 Nc5 11. Bc4 Be6 12. Be3 Bxc4 13. Qxc4 Ne6 14. Nbd2 N8c7 15. Qb4 b6 16. Qh4 Nd5 17. Bh6 Qc7 18. Rad1 Rfd8 19. Bxg7 Kxg7 20. Nb3 c5 21. a3 Ndf4 22. Nbd2 h6 23. g3 g5 24. Qg4 Ng6 25. h4 gxh4 26. Nxh4 Kh7 27. Nxg6 Rg8 28. Qf5 Rxg6 29. Qxf7+ Ng7 30. Nf3 Qc6 31. Nh4 Rg5 32. Qxe7 Re8 33. Qf7 Rexe5 34. Nf3 Rxe1+ 35. Rxe1 Rf5 36. Ne5 Qd6 37. Nc4 Qd4 0-1


[Site "https://www.chess.com"]

[Event "Titled Tuesday Blitz August 31 2021"]
[White "Harshavardhan G B"]
[Black "Shishkov, Andrei"]
[WhiteFideId "25059009"]
[BlackFideId "4500563"]
[WhiteElo "1825"]
[BlackElo "2322"]
[Result "1-0"]
[Round "11"]
[TimeControl "180+1"]
[Date "2021.08.31"]
[WhiteClock "0:00:47"]
[BlackClock "0:00:01"]

1. f4 Nf6 2. Nf3 g6 3. g3 b6 4. Bg2 Bb7 5. O-O Bg7 6. d3 d5 7. Nbd2 O-O 8. h3 c5 9. c4 d4 10. a3 Nc6 11. Rb1 a5 12. b3 Qc7 13. Kh2 Rae8 14. Ne4 Nxe4 15. dxe4 e5 16. f5 gxf5 17. Nh4 fxe4 18. Bxe4 Ne7 19. Qd3 f5 20. Bxb7 Qxb7 21. Bg5 e4 22. Qd2 e3 23. Qe1 Bf6 24. Bxf6 Rxf6 25. b4 axb4 26. axb4 Qe4 27. bxc5 bxc5 28. Rb5 Qe5 29. Qa5 Rc8 30. Nf3 Qd6 31. Rfb1 Rg6 32. Rg1 h5 33. Nh4 Rg5 34. Rb6 Qc7 35. Qa6 Kf7 36. Rh6 Rcg8 37. Qf6+ Ke8 38. Rh8 Rxh8 39. Qxg5 Rg8 40. Qxh5+ Kd8 41. Nxf5 Nxf5 42. Qxf5 Qd6 43. Qe4 Re8 44. Qa8+ Kd7 45. Qb7+ Ke6 46. Rf1 Re7 47. Qe4+ Kd7 48. Qb7+ Qc7 49. Qb5+ Qc6 50. Qb8 Qc7 51. Qg8 Qe5 52. Rf8 1-0


[Site "https://www.chess.com"]

[Event "Titled Tuesday Blitz August 31 2021"]
[White "Harutjunyan, Gevorg"]
[Black "Sjugirov, Sanan"]
[WhiteFideId "13300873"]
[BlackFideId "4189302"]
[WhiteElo "2498"]
[BlackElo "2472"]
[Result "1-0"]
[Round "11"]
[TimeControl "180+1"]
[Date "2021.08.31"]
[WhiteClock "0:00:24"]
[BlackClock "0:00:03"]

1. e4 c5 2. Nc3 Nc6 3. Bb5 Nd4 4. Bc4 e6 5. Nge2 a6 6. a4 Ne7 7. O-O Nec6 8. d3 Be7 9. f4 O-O 10. f5 Bf6 11. Ng3 Be5 12. Bf4 Qh4 13. Qd2 Bxf4 14. Rxf4 Qh6 15. Raf1 Ne5 16. Qc1 Rb8 17. a5 Ndc6 18. Qa1 d6 19. Nce2 exf5 20. exf5 Nxc4 21. dxc4 Bd7 22. Nc3 Rbe8 23. Nce4 Ne5 24. b3 Bc6 25. f6 g5 26. Rf5 g4 27. Nxd6 Qd2 28. Nge4 Qe3+ 29. Nf2 Re6 30. Qd1 Rd8 31. Rxe5 Rxe5 32. Qxg4+ Rg5 33. Nf5 Rxg4 34. Nxe3 Rg6 35. Nd3 Rd4 36. Ne5 Rg5 37. Nxc6 bxc6 38. Nf5 Rd2 39. g3 h5 40. h4 Rg6 41. Ne7+ Kf8 42. Nxg6+ fxg6 43. Rf2 Rxf2 44. Kxf2 Kf7 45. Kf3 Kxf6 46. Kf4 Ke6 47. c3 Kf6 48. b4 cxb4 49. cxb4 Ke6 50. Kg5 Kf7 51. b5 1-0


[Site "https://www.chess.com"]

[Event "Titled Tuesday Blitz August 31 2021"]
[White "Havanecz, Bianka"]
[Black "Najdin, Danil"]
[WhiteFideId "704814"]
[BlackFideId "4172426"]
[WhiteElo "2358"]
[BlackElo "2193"]
[Result "1/2-1/2"]
[Round "11"]
[TimeControl "180+1"]
[Date "2021.08.31"]
[WhiteClock "0:00:11"]
[BlackClock "0:00:04"]

1. d4 Nf6 2. c4 g6 3. Nc3 Bg7 4. e4 d6 5. Bd3 O-O 6. Nge2 Nc6 7. Bc2 e5 8. d5 Nd4 9. O-O c5 10. dxc6 bxc6 11. b4 c5 12. bxc5 dxc5 13. Nd5 Ba6 14. Bd3 Rb8 15. Bg5 Qd6 16. Nec3 Nxd5 17. Nxd5 f6 18. Bh4 Rb2 19. Qa4 Rfb8 20. h3 Rd2 21. Rad1 Rxd1 22. Rxd1 g5 23. Bg3 h5 24. f3 Kf7 25. Be1 Qc6 26. Qa3 Bf8 27. Ba5 Be7 28. Kh2 Bd8 29. Bxd8 Rxd8 30. Rb1 g4 31. fxg4 hxg4 32. Rf1 Rd6 33. Qc1 gxh3 34. gxh3 f5 35. Qg5 Rxd5 36. cxd5 Qa4 37. Qh5+ Ke7 38. Qh7+ Kd8 39. Qh8+ Kd7 40. Qg7+ Kc8 41. Qf8+ Kd7 42. Qf7+ Kd8 43. Qf6+ Kd7 44. Qxa6 Qb4 45. Qxa7+ Ke8 46. Qa8+ Kd7 47. Qa7+ Kd8 48. Rg1 Qd2+ 49. Rg2 Nf3+ 50. Kg3 Qf4+ 51. Kf2 Nd4+ 52. Ke1 Qc1+ 53. Kf2 Qf4+ 54. Ke1 Qc1+ 55. Kf2 Qf4+ 1/2-1/2


[Site "https://www.chess.com"]

[Event "Titled Tuesday Blitz August 31 2021"]
[White "Heinemann, Josefine"]
[Black "Cunha, Lucas Aguiar"]
[WhiteFideId "12900460"]
[BlackFideId "2125404"]
[WhiteElo "2300"]
[BlackElo "2361"]
[Result "1-0"]
[Round "11"]
[TimeControl "180+1"]
[Date "2021.08.31"]
[WhiteClock "0:01:53"]
[BlackClock "0:00:36"]

1. Nf3 d5 2. e3 Nf6 3. c4 e6 4. Nc3 c6 5. b3 a6 6. Bb2 b5 7. d4 Bd6 8. Bd3 O-O 9. O-O Nbd7 10. Qc2 Re8 11. a4 b4 12. Ne2 a5 13. Ng3 Bb7 14. e4 Bxg3 15. hxg3 dxe4 16. Bxe4 Nxe4 17. Qxe4 Qc7 18. Rad1 c5 19. Qf4 Qxf4 20. gxf4 Bxf3 21. gxf3 cxd4 22. Bxd4 g6 23. Be3 Nf6 24. Rd6 Rec8 25. Rfd1 Ne8 26. Rd7 Nf6 27. R7d6 Nh5 28. Kf1 Ng7 29. Bb6 Nf5 30. Rd8+ Rxd8 31. Rxd8+ Rxd8 32. Bxd8 Nd4 33. Bxa5 Nxb3 34. Bxb4 f5 35. a5 Nd4 36. a6 Nc6 37. Bc5 1-0


[Site "https://www.chess.com"]

[Event "Titled Tuesday Blitz August 31 2021"]
[White "Iskusnyh, Sergei"]
[Black "Tologon tegin, Semetei"]
[WhiteFideId "4120027"]
[BlackFideId "13800574"]
[WhiteElo "2492"]
[BlackElo "2224"]
[Result "1-0"]
[Round "11"]
[TimeControl "180+1"]
[Date "2021.08.31"]
[WhiteClock "0:00:48"]
[BlackClock "0:00:18"]

1. d4 Nf6 2. c4 g6 3. g3 d5 4. cxd5 Nxd5 5. Nf3 Bg7 6. Bg2 O-O 7. O-O c5 8. e4 Nb4 9. a3 N4a6 10. d5 e6 11. Nc3 exd5 12. Nxd5 Nc6 13. Bg5 f6 14. Be3 Be6 15. Rc1 b6 16. Qa4 Nab8 17. Rfd1 Qc8 18. b4 Qb7 19. bxc5 b5 20. Qb3 Kh8 21. a4 a6 22. axb5 axb5 23. Rb1 b4 24. Qc2 Nd7 25. Nd2 Rab8 26. Nc4 Nde5 27. Nd6 Qa7 28. Ra1 Qd7 29. Nb6 Qc7 30. Nb5 Qe7 31. h3 Nd7 32. Nd5 Qf7 33. Nd6 Qg8 34. Kh2 Rfd8 35. Ra6 b3 36. Qb1 Nb4 37. Nxb4 Rxb4 38. c6 Nb8 39. c7 Nxa6 40. cxd8=Q Qxd8 41. Nf7+ 1-0


[Site "https://www.chess.com"]

[Event "Titled Tuesday Blitz August 31 2021"]
[White "Jarovinsky, Alexey"]
[Black "Schmakel, Sam"]
[WhiteFideId "14115131"]
[BlackFideId "2039311"]
[WhiteElo "2446"]
[BlackElo "2356"]
[Result "0-1"]
[Round "11"]
[TimeControl "180+1"]
[Date "2021.08.31"]
[WhiteClock "0:00:54"]
[BlackClock "0:00:04"]

1. Nc3 Nf6 2. e4 e5 3. f4 d5 4. fxe5 Nxe4 5. Qf3 Nc6 6. Bb5 Nxc3 7. dxc3 Qh4+ 8. g3 Qe4+ 9. Qxe4 dxe4 10. Ne2 Bd7 11. Bf4 O-O-O 12. O-O-O Nxe5 13. Bxd7+ Nxd7 14. Rd4 Nc5 15. Rhd1 Ne6 16. Rxe4 Rxd1+ 17. Kxd1 Bd6 18. Bxd6 Rd8 19. Nd4 Rxd6 20. Ke2 Kd7 21. Nf5 Ra6 22. a3 g6 23. Ne3 f5 24. Rc4 Rb6 25. b4 Ra6 26. g4 b5 27. gxf5 bxc4 28. fxe6+ Rxe6 29. Kf3 Rf6+ 30. Ke2 Kc6 31. Nxc4 Kb5 32. Ne3 Ka4 33. Nd5 Rf7 34. c4 Kxa3 35. b5 Ka4 36. Kd3 Ka5 37. Kd4 a6 38. Kc5 axb5 39. cxb5 Rf2 40. c4 Rxh2 41. Nxc7 Rb2 42. Kc6 h5 43. c5 h4 44. b6 h3 45. Nd5 h2 46. b7 h1=Q 0-1


[Site "https://www.chess.com"]

[Event "Titled Tuesday Blitz August 31 2021"]
[White "Karthikeyan, Murali"]
[Black "Pert, Richard G"]
[WhiteFideId "5074452"]
[BlackFideId "404748"]
[WhiteElo "2564"]
[BlackElo "2441"]
[Result "1-0"]
[Round "11"]
[TimeControl "180+1"]
[Date "2021.08.31"]
[WhiteClock "0:00:04"]
[BlackClock "0:00:02"]

1. f4 g5 2. fxg5 h6 3. d4 hxg5 4. Bxg5 Bh6 5. Qd2 c5 6. Nf3 cxd4 7. Qxd4 f6 8. Nc3 Bxg5 9. Nxg5 Nc6 10. Qe4 fxg5 11. Qg6+ Kf8 12. Qxg5 Nf6 13. O-O-O Qa5 14. Qf4 Qe5 15. Qd2 Ng4 16. e4 Qd6 17. Qxd6 exd6 18. Be2 Nge5 19. Rxd6 Kg7 20. h4 Nf7 21. Rdd1 d6 22. g4 Nce5 23. g5 Bg4 24. Rdf1 Bxe2 25. Nxe2 Rae8 26. Nd4 Ng4 27. Rf4 Nfe5 28. h5 Ne3 29. Rh3 N3c4 30. b3 Nb6 31. Rf6 Rhf8 32. Nf5+ Kg8 33. Rxd6 Nbd7 34. Rc3 b6 35. Rc7 Rd8 36. g6 Rf6 37. Rxf6 Nxf6 38. h6 Neg4 39. Rg7+ Kh8 40. Rf7 Kg8 41. Ne7+ Kh8 42. g7+ Kh7 43. g8=Q+ Kxh6 44. Qg7+ Kh5 45. Qg6+ Kh4 46. Rxf6 Ne3 47. Nf5+ Kh3 48. Qg3# 1-0


[Site "https://www.chess.com"]

[Event "Titled Tuesday Blitz August 31 2021"]
[White "Karttunen, Mika"]
[Black "Ogloblin, Nikolay"]
[WhiteFideId "502081"]
[BlackFideId "4139658"]
[WhiteElo "2343"]
[BlackElo "2265"]
[Result "1-0"]
[Round "11"]
[TimeControl "180+1"]
[Date "2021.08.31"]
[WhiteClock "0:00:22"]
[BlackClock "0:01:43"]

1. d4 Nf6 2. c4 e6 3. g3 d5 4. Bg2 Be7 5. Nf3 O-O 6. O-O dxc4 7. Ne5 Nc6 8. Nxc6 bxc6 9. Na3 Bxa3 10. bxa3 Ba6 11. Qa4 Bb5 12. Qc2 Qxd4 13. Be3 Qe5 14. a4 Ba6 15. Bxc6 Rad8 16. Rad1 Nd5 17. Bc5 Nc3 18. Bxf8 Rxd1 19. Rxd1 Nxe2+ 20. Kg2 Kxf8 21. Rd8+ Ke7 22. Rd7+ Kf6 23. Qxh7 Qf5 24. Qh4+ g5 25. Qh8+ Kg6 26. f3 Nc3 27. Qg8+ Kh6 28. Rxf7 Qc2+ 29. Kh3 1-0


[Site "https://www.chess.com"]

[Event "Titled Tuesday Blitz August 31 2021"]
[White "Kim, Sergey"]
[Black "Shahade, Gregory"]
[WhiteFideId "13700570"]
[BlackFideId "2009064"]
[WhiteElo "2473"]
[BlackElo "2654"]
[Result "1/2-1/2"]
[Round "11"]
[TimeControl "180+1"]
[Date "2021.08.31"]
[WhiteClock "0:00:52"]
[BlackClock "0:00:12"]

1. d4 Nf6 2. c4 g6 3. Nc3 d5 4. cxd5 Nxd5 5. e4 Nxc3 6. bxc3 Bg7 7. Bc4 c5 8. Ne2 Nc6 9. Be3 O-O 10. O-O e6 11. Qd2 b6 12. Rad1 Bb7 13. Bh6 Na5 14. Bd3 Bxh6 15. Qxh6 cxd4 16. cxd4 Rc8 17. h4 Qf6 18. e5 Qg7 19. Qg5 Nc4 20. Bxc4 Rxc4 21. Rd2 Rfc8 22. Nf4 h6 23. Qg4 Rd8 24. Rfd1 b5 25. Qg3 b4 26. d5 exd5 27. Nxd5 Bxd5 28. Rxd5 Rxd5 29. Rxd5 Rc7 30. Qf4 Rb7 31. Rd8+ Kh7 32. Qe4 Re7 33. f4 a5 34. Qd5 h5 35. Qxa5 f6 36. Rd5 fxe5 37. Rxe5 Rxe5 38. fxe5 Qe7 39. Qd5 Qxh4 40. e6 Qe1+ 41. Kh2 Qh4+ 42. Kg1 Qe1+ 43. Kh2 Qh4+ 44. Kg1 1/2-1/2


[Site "https://www.chess.com"]

[Event "Titled Tuesday Blitz August 31 2021"]
[White "Kovalev, Vladislav"]
[Black "Holt, Conrad"]
[WhiteFideId "13504398"]
[BlackFideId "2034387"]
[WhiteElo "2573"]
[BlackElo "2586"]
[Result "1/2-1/2"]
[Round "11"]
[TimeControl "180+1"]
[Date "2021.08.31"]
[WhiteClock "0:00:07"]
[BlackClock "0:00:06"]

1. e4 e6 2. d4 d5 3. Nd2 c5 4. Ngf3 cxd4 5. Nxd4 Nf6 6. exd5 Nxd5 7. Ne4 Bd7 8. Bc4 Nc6 9. O-O Be7 10. Bxd5 exd5 11. Nc3 Be6 12. Re1 Nxd4 13. Qxd4 O-O 14. Bf4 Qa5 15. Be5 Bc5 16. Qf4 Rfe8 17. Rad1 Rac8 18. Bd4 Bxd4 19. Rxd4 Qb6 20. Rb4 Qc5 21. Qd4 b6 22. Rd1 Bf5 23. h3 Bxc2 24. Rd2 Be4 25. f3 Bf5 26. Rb5 Qc7 27. Rxd5 Bg6 28. Rd6 h6 29. Kf2 Kh7 30. a3 Qe7 31. Re2 Qg5 32. Rd5 Rxe2+ 33. Nxe2 Qe7 34. Qe3 Qc7 35. Rd2 f6 36. Qf4 Qc5+ 37. Qd4 Qg5 38. Nf4 Qh4+ 39. Kg1 Qg3 40. Ne2 Qe1+ 41. Kh2 Re8 42. Nf4 Bf5 43. Qd5 Qe5 44. Qxe5 fxe5 45. Nd5 Kg8 46. Nc3 Kf7 47. Kg3 Re7 48. Re2 Re6 49. Kf2 Re8 50. Ke3 Rd8 51. Rd2 Rxd2 52. Kxd2 Ke6 53. Ke3 Kd6 54. g3 Kc5 55. g4 Bg6 56. Kd2 Kc4 57. Nd1 Kd4 58. Nf2 e4 59. fxe4 Bxe4 60. h4 Bd5 61. g5 hxg5 62. hxg5 Ke5 63. Ke3 Be6 64. Nd3+ Kf5 65. Nb4 Bd7 66. Kd4 Kxg5 67. Ke5 Kh4 68. Kd6 Ba4 69. Nd5 g5 70. Ne3 b5 71. Kc5 Kg3 72. Kb4 Kf3 73. Nf5 Kf4 74. Nh6 Ke4 75. b3 Bxb3 76. Kxb3 a5 77. Kc3 Kf4 78. Kd4 g4 79. Nxg4 Kxg4 80. Kc5 b4 81. axb4 axb4 82. Kxb4 1/2-1/2


[Site "https://www.chess.com"]

[Event "Titled Tuesday Blitz August 31 2021"]
[White "Krysa, Leandro"]
[Black "Ivanchuk, Vasyl"]
[WhiteFideId "116807"]
[BlackFideId "14100010"]
[WhiteElo "2490"]
[BlackElo "2710"]
[Result "1/2-1/2"]
[Round "11"]
[TimeControl "180+1"]
[Date "2021.08.31"]
[WhiteClock "0:00:06"]
[BlackClock "0:00:04"]

1. c4 Nf6 2. Nc3 g6 3. d4 Bg7 4. e4 d6 5. Nf3 O-O 6. Be2 e5 7. Be3 c6 8. d5 Ng4 9. Bg5 f6 10. Bc1 Na6 11. O-O Nh6 12. dxc6 bxc6 13. Qa4 Nc5 14. Qxc6 Bb7 15. Qb5 a5 16. Nd5 Ba6 17. Qb6 Nxe4 18. Qxd8 Raxd8 19. Rd1 Bb7 20. b3 Bxd5 21. Rxd5 Nc3 22. Rd2 Nxe2+ 23. Rxe2 d5 24. cxd5 Rxd5 25. Bb2 Rfd8 26. Bc3 Bf8 27. Rd2 Bb4 28. Bxb4 axb4 29. Rxd5 Rxd5 30. Kf1 Nf5 31. Ke1 Nd6 32. Rd1 Rxd1+ 33. Kxd1 Ne4 34. Ne1 Nxf2+ 35. Kc2 e4 36. Kd2 f5 37. Ke3 Ng4+ 38. Kf4 Nxh2 39. Nc2 Kf7 40. Nxb4 Ke6 41. a4 Ng4 42. a5 Kd6 43. a6 Kc7 44. Nd5+ Kb8 45. b4 e3 46. Nxe3 g5+ 47. Kxf5 Nxe3+ 48. Kxg5 Nxg2 49. Kh6 Ne3 50. Kxh7 Nd5 51. a7+ Kxa7 52. b5 Kb6 53. Kg6 Kxb5 1/2-1/2


[Site "https://www.chess.com"]

[Event "Titled Tuesday Blitz August 31 2021"]
[White "Kuruppu, Supun Dasantha"]
[Black "Manukyan, Artyom"]
[WhiteFideId "9902805"]
[BlackFideId "13305786"]
[WhiteElo "1704"]
[BlackElo "2034"]
[Result "1/2-1/2"]
[Round "11"]
[TimeControl "180+1"]
[Date "2021.08.31"]
[WhiteClock "0:00:18"]
[BlackClock "0:00:20"]

1. d4 d5 2. Nf3 Nf6 3. Bf4 c5 4. c3 Nc6 5. e3 Qb6 6. Qb3 c4 7. Qxb6 axb6 8. Nbd2 b5 9. Be2 b4 10. O-O bxc3 11. bxc3 h6 12. a4 Bf5 13. Ne5 e6 14. Nxc6 bxc6 15. a5 Ra6 16. Nxc4 dxc4 17. Bxc4 Ra8 18. a6 Kd7 19. f3 Nd5 20. Bxd5 exd5 21. e4 dxe4 22. Rfb1 exf3 23. Rb7+ Ke6 24. a7 Bd6 25. Re1+ Kd5 26. c4+ Kxc4 27. Bxd6 fxg2 28. Kxg2 Be6 29. Rb8 Bd5+ 30. Kg3 c5 31. dxc5 Rc8 32. Ra1 Bc6 33. Rc1+ Kd5 34. Rd1+ Ke6 35. Re1+ Kd5 36. Rd1+ Ke6 37. Ra1 Kd7 38. Re1 Bd5 39. Re7+ Kd8 40. Rxc8+ Kxc8 41. Re8+ Kb7 42. Rxa8 Kxa8 43. Bb8 Kb7 44. Kf4 Kc8 45. Ke5 Ba8 46. c6 Bxc6 47. Kd6 Ba8 48. Ke7 g5 49. Kxf7 h5 50. Kg6 g4 51. Kxh5 Bf3 52. Kh4 Kb7 53. Kg3 Bd1 54. Kf4 Ka8 55. Kg3 Bf3 56. Kf4 Bd1 57. Ke5 Bf3 58. Kd6 Bd1 59. Kc5 Bf3 60. Kb6 Bd1 61. Bg3 Bf3 62. Bb8 Bd1 63. Bf4 Bf3 64. Be3 Bd1 65. Bg1 Bf3 66. Kc7 Bd1 67. Kd6 Bf3 68. Ke5 Bd1 69. Kf4 Kb7 70. Ke3 Ka8 71. Kd2 Bf3 72. Ke3 Kb7 73. h4 gxh3 74. Kxf3 h2 75. Bxh2 Ka8 76. Bg1 Kb7 77. Ke4 Ka8 78. Kd5 Kb7 79. Kc5 Ka8 80. Kb5 Kb7 81. Ka5 Ka8 82. Kb5 Kb7 83. Ka5 Ka8 84. Ka6 1/2-1/2


[Site "https://www.chess.com"]

[Event "Titled Tuesday Blitz August 31 2021"]
[White "LEGENYA1998"]
[Black "Al-Tarboush, Ward"]
[BlackFideId "7601450"]
[WhiteElo "2418"]
[BlackElo "2319"]
[Result "1-0"]
[Round "11"]
[TimeControl "180+1"]
[Date "2021.08.31"]
[WhiteClock "0:02:16"]
[BlackClock "0:00:11"]

1. b3 e6 2. Bb2 Nf6 3. Nf3 c5 4. g3 Nc6 5. c4 b6 6. Bg2 Bb7 7. O-O Be7 8. d4 cxd4 9. Nxd4 O-O 10. Nc3 Rc8 11. Rc1 Qc7 12. e3 Rfd8 13. Nd5 exd5 14. cxd5 Qb8 15. Nf5 Qc7 16. Nxe7+ Kf8 17. Nxc8 1-0


[Site "https://www.chess.com"]

[Event "Titled Tuesday Blitz August 31 2021"]
[White "Le, Tuan Minh"]
[Black "Jobava, Baadur"]
[WhiteFideId "12401153"]
[BlackFideId "13601520"]
[WhiteElo "2450"]
[BlackElo "2748"]
[Result "1/2-1/2"]
[Round "11"]
[TimeControl "180+1"]
[Date "2021.08.31"]
[WhiteClock "0:00:26"]
[BlackClock "0:00:55"]

1. d4 c6 2. Nf3 d5 3. Bf4 Nf6 4. e3 Bg4 5. h3 Bxf3 6. Qxf3 e6 7. c3 Bd6 8. Bg5 Nbd7 9. Nd2 h6 10. Bxf6 Nxf6 11. e4 Be7 12. Bd3 Qb6 13. Rb1 O-O 14. O-O Rfe8 15. Rfe1 Bf8 16. Bc2 a5 17. h4 Nd7 18. e5 Be7 19. Qd3 Nf8 20. Nf3 c5 21. dxc5 Bxc5 22. Re2 Qa6 23. Qxa6 Rxa6 24. a4 Rc8 25. Rd1 Rb6 26. Bd3 Ng6 27. g3 Ne7 28. Kg2 Nc6 29. Bb5 Na7 30. Bd3 Kf8 31. Rc2 Nc6 32. Bb5 Na7 33. Bd3 Ke7 34. Re2 Nc6 35. Bb5 Na7 36. Bd3 Rd8 37. Red2 Nc6 38. Bb5 Na7 39. Bd3 Rc6 40. Be2 Rcc8 41. Bd3 Nc6 42. Bb5 Na7 43. Bd3 Rb8 44. Be2 g6 45. Bd3 Rbc8 46. Be2 Nc6 47. Bb5 Na7 48. Bd3 Rg8 49. Be2 Nc6 50. Bb5 g5 51. hxg5 hxg5 52. Re2 g4 53. Nd4 Bxd4 54. Bxc6 bxc6 55. cxd4 c5 56. dxc5 Rxc5 57. Rd4 Rg5 58. b4 axb4 59. Rxb4 Ra5 60. Rf4 Kf8 61. Rd4 Kg7 62. Rf4 Ra7 63. Rb4 Ra5 64. Rf4 Ra7 65. Rb4 Ra5 66. Rf4 1/2-1/2


[Site "https://www.chess.com"]

[Event "Titled Tuesday Blitz August 31 2021"]
[White "Leitao, Rafael"]
[Black "Indjic, Aleksandar"]
[WhiteFideId "2101246"]
[BlackFideId "911925"]
[WhiteElo "2609"]
[BlackElo "2643"]
[Result "0-1"]
[Round "11"]
[TimeControl "180+1"]
[Date "2021.08.31"]
[WhiteClock "0:00:02"]
[BlackClock "0:00:13"]

1. c4 Nf6 2. Nc3 e5 3. Nf3 Nc6 4. e4 Bb4 5. d3 d6 6. a3 Bxc3+ 7. bxc3 h6 8. g3 O-O 9. Bg2 Nd7 10. O-O Nc5 11. Nh4 a5 12. d4 Nd7 13. Nf5 Nb6 14. Nxh6+ gxh6 15. d5 Ne7 16. Bxh6 Ng6 17. Qh5 Nd7 18. Bg5 Qe8 19. Bh3 Nc5 20. Bf5 Bxf5 21. exf5 Ne4 22. f6 Qd8 23. Qg4 Nxg5 24. Qxg5 Re8 25. f4 exf4 26. Rxf4 Re5 27. Rf5 Rxf5 28. Qxf5 Qf8 29. Rf1 Re8 30. Qg5 Re5 31. Rf5 Kh7 32. h4 Qh6 33. Rxe5 dxe5 34. Qf5 Qe3+ 35. Kg2 Kh6 36. Qc8 Qe2+ 37. Kh3 Qf1+ 38. Kh2 Qxf6 39. Qxc7 e4 40. d6 e3 41. d7 e2 42. d8=Q Qf2+ 43. Kh3 Qf1+ 44. Kh2 Qf2+ 45. Kh3 Qf5+ 46. Kh2 e1=Q 0-1


[Site "https://www.chess.com"]

[Event "Titled Tuesday Blitz August 31 2021"]
[White "Lisik, Valery"]
[Black "Mekhitarian, Krikor Sevag"]
[WhiteFideId "4101596"]
[BlackFideId "2107660"]
[WhiteElo "2564"]
[BlackElo "2598"]
[Result "1-0"]
[Round "11"]
[TimeControl "180+1"]
[Date "2021.08.31"]
[WhiteClock "0:00:55"]
[BlackClock "0:00:13"]

1. d4 Nf6 2. c4 g6 3. Nc3 d5 4. Nf3 Bg7 5. cxd5 Nxd5 6. e4 Nxc3 7. bxc3 c5 8. h3 O-O 9. Be2 Qc7 10. O-O b6 11. Be3 Bb7 12. Qd3 Nd7 13. Rac1 Rac8 14. d5 e6 15. c4 exd5 16. cxd5 Rcd8 17. Bg5 f6 18. Bh4 Rfe8 19. Bg3 Qc8 20. Qc2 Bh6 21. Rcd1 Ba6 22. Rfe1 Bxe2 23. Rxe2 Qb7 24. e5 fxe5 25. Nxe5 Nxe5 26. Rxe5 Rxe5 27. Bxe5 Qf7 28. d6 Qe6 29. Bg3 Bg7 30. Qd2 Bd4 31. Re1 Qf7 32. Re7 Qf8 33. Qe2 Bf6 34. Qe6+ Kh8 35. Rf7 1-0


[Site "https://www.chess.com"]

[Event "Titled Tuesday Blitz August 31 2021"]
[White "Lomaia, Diana"]
[Black "Firat, Burak"]
[WhiteFideId "13612476"]
[BlackFideId "6305881"]
[WhiteElo "1742"]
[BlackElo "2531"]
[Result "0-1"]
[Round "11"]
[TimeControl "180+1"]
[Date "2021.08.31"]
[WhiteClock "0:00:09"]
[BlackClock "0:00:41"]

1. d4 f5 2. g3 Nf6 3. Bg2 g6 4. Nf3 Bg7 5. O-O O-O 6. c4 d6 7. Nc3 c6 8. Re1 Ne4 9. Qb3 e6 10. Nxe4 fxe4 11. Ng5 d5 12. cxd5 cxd5 13. e3 h6 14. Nh3 g5 15. Bd2 Nc6 16. Rac1 Qd6 17. Bf1 Rb8 18. Qb5 Bd7 19. Qc5 Qxc5 20. Rxc5 Rfc8 21. Rec1 Bf8 22. R5c2 Bd6 23. Kg2 Rf8 24. Ng1 h5 25. Bb5 h4 26. Ne2 Rf7 27. Bxc6 bxc6 28. gxh4 gxh4 29. Nf4 Bxf4 30. exf4 Rg7+ 31. Kh1 e5 32. Rg1 exd4 33. Rxg7+ Kxg7 34. b3 Kf6 35. Ba5 d3 36. Rd2 Rg8 37. f3 Bf5 38. Rg2 Rxg2 39. Kxg2 e3 40. Kf1 Bh3+ 41. Ke1 Bg2 42. Bd8+ Kf5 43. Bxh4 d2+ 44. Ke2 Bxf3+ 45. Kxf3 d1=Q+ 46. Kxe3 Qc1+ 47. Kd4 Qxf4+ 48. Kc5 Qxh4 49. Kxc6 0-1


[Site "https://www.chess.com"]

[Event "Titled Tuesday Blitz August 31 2021"]
[White "Maiorov, Nikita"]
[Black "Samsonkin, Artiom"]
[WhiteFideId "13501720"]
[BlackFideId "13503111"]
[WhiteElo "2440"]
[BlackElo "2513"]
[Result "0-1"]
[Round "11"]
[TimeControl "180+1"]
[Date "2021.08.31"]
[WhiteClock "0:00:32"]
[BlackClock "0:01:18"]

1. d4 Nf6 2. c4 e6 3. Nc3 Bb4 4. Qc2 O-O 5. a3 Bxc3+ 6. Qxc3 b5 7. cxb5 c6 8. Bg5 cxb5 9. e3 Bb7 10. Nf3 Nc6 11. Bxb5 Rc8 12. Qd2 Qb6 13. Bxc6 Bxc6 14. Bxf6 gxf6 15. O-O Kh8 16. Ne1 Qb3 17. Nd3 Rg8 18. f3 Bxf3 19. Rxf3 Rc2 20. Ne1 Rxd2 0-1


[Site "https://www.chess.com"]